 Dungeon Crawl Stone Soup version 0.30.1-11-g7821555f0a (webtiles) character file.

Game seed: 16433975040459205699

4378 lonewolfV2 the Blocker (level 10, -6/76 (79) HPs)
             Began as a Formicid Fighter on Nov 15, 2023.
             Mangled by an orc warrior
             ... wielding a +0 halberd
              (15 damage)
             ... on level 8 of the Dungeon.
             The game lasted 00:09:34 (7148 turns).

lonewolfV2 the Blocker (Formicid Fighter)           Turns: 7148, Time: 00:09:35

HP:   -6/76 (79)    AC: 18    Str: 24    XL:     10   Next: 60%
MP:   10/10         EV:  6    Int: 15    God:
Gold: 364           SH:  7    Dex: 13    Spells: 9/9 levels left

rFire   . . .        v - +1 broad axe (heavy)
rCold   . . .        c - +0 buckler
rNeg    . . .        h - +0 plate armour
rPois   .            (helmet unavailable)
rElec   .            s - +2 cloak
rCorr   .            r - +0 pair of gloves
SInv    +            n - +0 pair of boots
Will    +....        (no amulet) Stlth
                     j - +6 ring of intelligence
HPRegen 0.32/turn    k - +4 ring of slaying
MPRegen 0.12/turn

%: no passive effects
@: mighty, lightly drained
A: permanent stasis, dig shafts and tunnels, antennae 3, four strong arms
a: Dig, Shaft Self


You were on level 8 of the Dungeon.
You visited 1 branch of the dungeon, and saw 8 of its levels.
You also visited: Sewer.

You collected 364 gold pieces.

Inventory:

Hand Weapons
 a - a +2 war axe
 v - a +1 heavy broad axe (weapon)
Missiles
 b - a throwing net
Armour
 c - a +0 buckler (worn)
 h - a +0 plate armour (worn)
 n - a +0 pair of boots (worn)
 r - a +0 pair of gloves (worn)
 s - a +2 cloak (worn)
Magical Staves
 p - the staff of conjuration "Lemi" {SInv}
   (You found it on level 5 of the Dungeon)

   [staff of conjuration]

   Base accuracy: +5 Base damage: 5 Base attack delay: 1.2 This weapon's minimum
   attack delay (0.6) is reached at skill level 12.
   SInv:      It lets you see invisible.
   It falls into the 'Staves' category.
   It is a weapon for one hand-pair.
Jewellery
 j - a +6 ring of intelligence (left hand)
 k - a +4 ring of slaying (right hand)
Wands
 f - a wand of charming (3)
 A - a wand of iceblast (4)
Scrolls
 w - a scroll of identify
 y - a scroll of silence
 z - 2 scrolls of fog
Potions
 d - a potion of might
 e - a potion of haste
 g - a potion of magic
 i - a potion of berserk rage
 l - 2 potions of resistance
 m - a potion of attraction {unknown}
 q - 3 potions of mutation
 t - a potion of ambrosia {unknown}
 u - a potion of brilliance {unknown}
 x - a potion of lignification {unknown}


   Skills:
 * Level 7.4 Fighting
 - Level 10.1 Axes
 - Level 6.0 Armour
 + Level 11.1 Shields


You had 9 spell levels left.
You didn't know any spells.
Your spell library contained the following spells:

 Spells                   Type           Power      Damage    Failure   Level
 Static Discharge         Conj/Air       0%         2-2/arc   100%        2
 Airstrike                Air            0%         2d(0-16)  100%        4
 Summon Lightning Spire   Summ/Air       0%         N/A       100%        4


Dungeon Overview and Level Annotations

Branches:
Dungeon (8/15)             Temple (0/1) D:7           Sewer (visited)
   Lair: D:8-11

Altars:
Ru
Uskayaw

Shops:
D:3 !   D:5 (


Innate Abilities, Weirdness & Mutations

You cannot be hasted, slowed, berserked, paralysed or teleported.
You can dig through walls and to a lower floor.
You have a pair of large antennae on your head. (SInv)
Your four strong arms can wield two-handed weapons with a shield.


Message History

The orc wizard is moderately wounded.
The orc wizard hits you but does no damage.
You feel drained.
The orc warrior hits you but does no damage.
The orc wizard hits you with a +2 dagger of draining.
* * * LOW HITPOINT WARNING * * *
You feel drained. You block the orc warrior's attack.
You barely miss the orc wizard.
The orc wizard is moderately wounded.
The orc wizard gestures at you while chanting.
The magic dart hits you but does no damage.
You block the orc warrior's attack.
The orc wizard gestures at you while chanting.
The magic dart hits you but does no damage.
The orc warrior hits you but does no damage.
You slice the orc wizard!!
You kill the orc wizard!
The orc warrior hits you from afar with a +0 halberd.
* * * LOW HITPOINT WARNING * * *
You slice the yak!!
The yak is heavily wounded.
The yak gores you but does no damage. You block the orc warrior's attack.
The orc warrior hits you from afar with a +0 halberd.
* * * LOW HITPOINT WARNING * * *
The yak gores you but does no damage.
You cut the yak into ribbons!!!
You kill the yak!
The orc warrior hits you from afar with a +0 halberd.
* * * LOW HITPOINT WARNING * * *
You block the orc warrior's attack. The orc hits you with a +0 whip.
* * * LOW HITPOINT WARNING * * *
You slice the orc!!
You kill the orc!
You block the orc warrior's attack.
The orc warrior hits you from afar with a +0 halberd.
* * * LOW HITPOINT WARNING * * *
The orc hits you but does no damage.
You barely miss the orc. You block the orc's attack.
The orc warrior hits you from afar with a +0 halberd!
You die...

.......# #.?.............
.......## #...............
........# #...............
........# #...............
.......# #....!.........!
.......#####...)...Y.......
.....#.##......###'#.......
....##.##......###o..#.....
...............+@o.........
.......##......#####.#<#.##
.########......# .### # ##
#......# .. #......# ###
#......# #......# #......#


You could see an orc warrior and an orc.

Vanquished Creatures
  Maggie (D:6)
  A wyvern (D:7)
  5 yaks (D:8)
  A steam dragon (D:7)
  Menkaure (D:6)
  3 water moccasins
  Pargi (Sewer)
  An orc warrior (D:7)
  Duvessa (D:6)
  An ice beast (D:7)
  2 sky beasts (D:7)
  3 black bears (D:6)
  3 ogres
  A centaur (D:5)
  2 phantoms
  A bullfrog (D:7)
  5 scorpions
  4 wights (D:5)
  Dowan (D:6)
  2 jellies
  3 hounds
  An orc priest (D:6)
  A gnoll bouda (D:5)
  3 iguanas
  Terence (D:2)
  6 orc wizards
  A sleepcap (D:6)
  6 gnolls
  8 adders
  A white imp (D:6)
  An ufetubus (D:6)
  2 worms
  6 dart slugs
  12 orcs
  6 bats
  7 endoplasms
  6 giant cockroaches
  12 goblins
  9 hobgoblins
  7 quokkas
  8 ball pythons
  3 frilled lizards
  17 kobolds
  8 rats
175 creatures vanquished.

Notes
Turn   | Place    | Note
-------+----------+-------------------------------------------
     0 | D:1      | lonewolfV2 the Formicid Fighter began the quest for the
                  | Orb.
     0 | D:1      | Reached XP level 1. HP: 18/18 MP: 1/1
    76 | D:1      | Reached XP level 2. HP: 19/24 MP: 2/2
   443 | D:1      | Reached XP level 3. HP: 30/30 MP: 3/3
   738 | D:1      | Found a faded altar of an unknown god.
   903 | D:2      | Noticed Terence
   911 | D:2      | Reached XP level 4. HP: 35/37 MP: 4/4
   912 | D:2      | Killed Terence
  1356 | D:2      | Reached XP level 5. HP: 43/43 MP: 5/5
  1755 | D:3      | Found Tofe's Distillery.
  2067 | D:3      | Found a glowing drain.
  2073 | D:3      | Reached skill level 5 in Fighting
  2074 | D:3      | Reached skill level 5 in Armour
  2084 | Sewer    | Entered a sewer
  2102 | Sewer    | Noticed Pargi
  2108 | Sewer    | Killed Pargi
  2109 | Sewer    | Reached XP level 6. HP: 40/51 MP: 6/6
  2341 | D:3      | Found a large runed translucent door.
  2342 | D:3      | Found a large runed translucent door.
  2357 | D:3      | Found a sacrificial altar of Ru.
  2364 | D:3      | Found a hide-covered altar of Uskayaw.
  2792 | D:4      | Noticed an ogre
  2798 | D:4      | Killed an ogre
  2799 | D:4      | Reached XP level 7. HP: 57/58 MP: 7/7
  2979 | D:4      | Reached skill level 5 in Shields
  3670 | D:5      | Entered Level 5 of the Dungeon
  3707 | D:5      | Reached XP level 8. HP: 64/64 MP: 8/8
  3992 | D:5      | Reached skill level 5 in Axes
  3992 | D:5      | Reached skill level 6 in Shields
  4249 | D:5      | Found Cute's Antique Weapon Emporium.
  4463 | D:5      | Reached skill level 7 in Shields
  4652 | D:5      | Reached XP level 9. HP: 66/69 MP: 9/9
  4822 | D:5      | Identified the staff of conjuration "Lemi" {SInv}
  5269 | D:6      | Noticed Menkaure
  5274 | D:6      | Killed Menkaure
  5472 | D:6      | Reached skill level 8 in Shields
  5579 | D:6      | Noticed Maggie
  5599 | D:6      | Killed Maggie
  5793 | D:6      | Noticed Duvessa
  5799 | D:6      | Noticed Dowan
  5806 | D:6      | Killed Duvessa
  5806 | D:6      | Killed Dowan
  5807 | D:6      | Reached skill level 9 in Shields
  6448 | D:7      | Reached XP level 10. HP: 73/76 MP: 10/10
  6619 | D:7      | Reached skill level 10 in Shields
  6671 | D:7      | Found a staircase to the Ecumenical Temple.
  6747 | D:7      | Reached skill level 10 in Axes
  7138 | D:8      | Reached skill level 11 in Shields
  7148 | D:8      | Mangled by an orc warrior

Illustrated notes

Levels and vault maps discovered:
D:1:      kennysheep_arrival_forest, layout_rooms,
          shapermc_ecumenical_altar_mp_ritualfount, minmay_misc_feat_diagonals,
          chequers_arboretum, roderic_serpentine_path, skrybe_limestone_x
D:2:      layout_basic, uniq_terence
D:3:      layout_basic, jmf_multi_god_temple2, portal_sewer_entry_a,
          serial_shops, nicolae_shop_industrial_runoff, amethyst_killhole
D:4:      layout_basic, grunt_ministairs_12
D:5:      wander_river, layout_loops_ring, serial_shops, shop
D:6:      minmay_general_purpose_star, layout_basic, uniq_menkaure, uniq_maggie,
          uniq_duvessa
D:7:      layout_cave_pools, minmay_temple_entry_overgrown
D:8:      layout_basic, kennysheep_just_a_vault

Skill      XL: |  1  2  3  4  5  6  7  8  9 10 |
---------------+-------------------------------+-----
Fighting       | 4 5 6 7 |  7.4
Armour         | 4 5 6 |  6.0
Axes           | 4 6 9 10 | 10.1
Shields        | 5 7 9 11 | 11.1

Action                     |  1- 3 |  4- 6 |  7- 9 | 10-12 || total
---------------------------+-------+-------+-------+-------++-------
  Melee: War axe           |    81 |   116 |   189 |       ||   386
         Broad axe         |       |       |    21 |    54 ||    75
    Use: Scroll            |     2 |     6 |     7 |     2 ||    17
         Potion            |       |       |     4 |     3 ||     7
 Armour: Scale mail        |    19 |       |       |       ||    19
         Plate armour      |    37 |   103 |   137 |    50 ||   327
  Dodge: Dodged            |    29 |    41 |    67 |    21 ||   158
  Block: Buckler           |    26 |    40 |    74 |    33 ||   173
